 Dungeon Crawl Stone Soup version 0.29-a0-732-g3d7fbe0af2 (webtiles) character file.

Game seed: 2217977988925955461

79482 coolguy69 the Unseen (level 15, -14/82 HPs)
             Began as a Vine Stalker Monk on June 29, 2022.
             Was a High Priest of Okawaru.
             Succumbed to a redback's poison
             ... on level 1 of the Spider Nest.
             The game lasted 00:35:30 (16733 turns).

coolguy69 the Unseen (Vine Stalker Monk)           Turns: 16733, Time: 00:35:31

Health: -14/82     AC: 14    Str: 25 (26) XL:     15   Next: 63%
Magic:  4/23       EV: 24    Int: 11      God:    Okawaru [*****.]
Gold:   169        SH:  8    Dex: 26 (29) Spells: 14/14 levels left

rFire   + . .      SeeInvis +   I - +10 dagger "Qide" {freeze, rN+ SInv}
rCold   + . .      Faith    .   K - +3 buckler of Death Resistance {Harm +Inv rC+}
rNeg    + . .      Spirit   +   F - +5 robe of Night {Dark Will+ SInv}
rPois   .          Reflect  .   a - +2 helmet
rElec   +          Harm     +   j - scarf {rC+ rF+}
rCorr   .          Rampage  .   P - +1 pair of gloves {Str+3}
Will    ++...                   z - +1 pair of boots "Liamooh" {rElec rF- Str+2}
Stlth   +++++++...              w - amulet of the Salamander {rC- Regen+ Int+4 Slay+4 SInv}
HPRegen 1.83/turn               u - ring "Biong" {rF+ Str+6 Int-3 Slay+2}
MPRegen 0.18/turn               s - +6 ring of dexterity

@: lethally poisoned (-14 -> -64)
A: fangs 3, regeneration 1, magic shield, antimagic bite, no potion heal 2,
devolution 1
a: Renounce Religion, Evoke Invisibility, Heroism, Finesse, Duel


You were on level 1 of the Spider Nest.
You worshipped Okawaru.
Okawaru was extremely pleased with you.
You visited 4 branches of the dungeon, and saw 18 of its levels.

You collected 1902 gold pieces.
You spent 1733 gold pieces at shops.

Inventory:

Hand Weapons
 m - a +3 dagger of venom
 I - the +10 dagger "Qide" (weapon) {freeze, rN+ SInv}
   (Okawaru gifted it to you on level 3 of the Lair of Beasts)

   It freezes those it strikes, dealing additional cold damage.
   It can also slow down cold-blooded creatures.
   rN:        It protects you from negative energy.
   SInv:      It lets you see invisible.
Armour
 a - a +2 helmet (worn)
 f - a +0 pair of boots of rampaging
 j - a scarf of resistance (worn)
 z - the +1 pair of boots "Liamooh" (worn) {rElec rF- Str+2}
   (Okawaru gifted it to you on level 2 of the Lair of Beasts)

   Str:       It affects your strength (+2).
   rF:        It makes you vulnerable to fire.
   rElec:     It insulates you from electricity.
 F - the +5 robe of Night (worn) {Dark Will+ SInv}
   (You found it on level 7 of the Dungeon)

   It shrouds the wearer in darkness, reducing the range at which they can see
   and be seen by others.
   SInv:      It lets you see invisible.
   Will:      It increases your willpower.
 K - the +3 buckler of Death Resistance (worn) {Harm +Inv rC+}
   (Okawaru gifted it to you on level 4 of the Lair of Beasts)

   rC:        It protects you from cold.
   +Inv:      It lets you turn invisible.
   Harm:      It increases damage dealt and taken.
 P - a +1 pair of gloves of strength (worn)
Jewellery
 g - a ring of poison resistance
 s - a +6 ring of dexterity (right hand)
 u - the ring "Biong" (left hand) {rF+ Str+6 Int-3 Slay+2}
   (You found it on level 3 of the Dungeon)

   [ring of strength]

   Str:       It affects your strength (+6).
   Int:       It affects your intelligence (-3).
   Slay:      It affects your accuracy & damage with ranged weapons and melee
   (+2).
   rF:        It protects you from fire.
 w - the amulet of the Salamander (around neck) {rC- Regen+ Int+4 Slay+4 SInv}
   (You bought it in a shop on level 2 of the Orcish Mines)

   [amulet of regeneration]

   Int:       It affects your intelligence (+4).
   Slay:      It affects your accuracy & damage with ranged weapons and melee
   (+4).
   rC:        It makes you vulnerable to cold.
   SInv:      It lets you see invisible.
   Regen:     It increases your rate of health regeneration.
Wands
 A - a wand of iceblast (10)
 J - a wand of flame (15)
Scrolls
 e - 7 scrolls of noise
 o - a scroll of enchant weapon
 q - 4 scrolls of teleportation
 r - 4 scrolls of vulnerability
 x - 4 scrolls of fear
 y - 2 scrolls of brand weapon
 B - 4 scrolls of poison
 E - 2 scrolls of magic mapping
 N - 2 scrolls of acquirement
Potions
 b - 5 potions of degeneration
 c - 3 potions of ambrosia
 d - 8 potions of flight
 h - 8 potions of mutation
 i - a potion of might
 k - 2 potions of brilliance
 n - 6 potions of curing {unknown}
 t - 3 potions of berserk rage {unknown}
 v - 6 potions of haste {unknown}
 D - a potion of invisibility
 L - a potion of cancellation
 M - a potion of lignification
 R - a potion of resistance
Miscellaneous
 l - a tin of tremorstones (2/2)


   Skills:
 + Level 11.1 Fighting
 - Level 10.0 Short Blades
 + Level 4.0 Armour
 + Level 13.3 Dodging
 + Level 16.8 Stealth
 + Level 10.0 Invocations


You had 14 spell levels left.
You didn't know any spells.
Your spell library contained the following spells:

 Spells                   Type           Power      Damage    Failure   Level
 Foxfire                  Conj/Fire      0%         2x1d4     43%         1
 Freeze                   Ice            0%         1d3       43%         1
 Conjure Flame            Conj/Fire      0%         6-21      82%         3
 Frozen Ramparts          Ice            0%         1d2       82%         3
 Inner Flame              Hex/Fire       0%         N/A       82%         3
 Stone Arrow              Conj/Erth      0%         3d7       82%         3
 Airstrike                Air            0%         N/A       99%         4
 Flame Wave               Conj/Fire      0%         2d4       99%         4
 Hailstorm                Conj/Ice       0%         3d3       99%         4
 Lightning Bolt           Conj/Air       0%         1d11      100%        5
 Borgnjor's Revivificati  Necr           0%         N/A       100%        8
 Lehudib's Crystal Spear  Conj/Erth      0%         10d2      100%        8
 Necromutation            Tmut/Necr      0%         N/A       100%        8
 Death's Door             Necr           0%         N/A       100%        9
 Animate Armour           Summ/Erth      Unusable   N/A       N/A         4
 Summon Lightning Spire   Summ/Air       Unusable   N/A       N/A         4

Dungeon Overview and Level Annotations

Branches:
Dungeon (9/15)             Temple (0/1) D:7            Lair (6/6) D:9
 Shoals (0/4) Lair:2       Spider (1/4) Lair:2        Slime (0/5) Lair:6
    Orc (2/2) D:9             Elf (0/3) Orc:2

Altars:
Ashenzari
Cheibriados
Elyvilon
Gozag
Hepliaklqana
Nemelex Xobeh
Okawaru
Trog
Vehumet
Wu Jian
Xom
Yredelemnul
Beogh

Shops:
D:4 (   D:5 *   Orc:1 :   Orc:2 *(?=

Annotations:
Lair:1 2 transporters, Nipigouma's ghost, journeyman DjBe
Orc:1 2 transporters, Xudibb's ghost, journeyman DgFi


Innate Abilities, Weirdness & Mutations

You have razor-sharp teeth.
Your natural rate of healing is unusually fast.
When hurt, damage is shared between your health and your magic reserves.
Your bite disrupts and absorbs the magic of your enemies.
Potions cannot restore your health.
You have hidden genetic defects.


Message History

The redback poisons you!
You puncture the entropy weaver! You freeze the entropy weaver.
Your bite misses the entropy weaver.
The entropy weaver is moderately wounded.
You feel extremely sick. The jumping spider barely misses you.
The jumping spider bites you but does no damage.
The entropy weaver misses you.
The entropy weaver completely misses you.
The entropy weaver misses you. You block the entropy weaver's attack.
The redback bites you!
You are lethally poisoned!
The redback poisons you!
You puncture the entropy weaver! You freeze the entropy weaver!
You bite the entropy weaver!
The entropy weaver's magic leaks into the air.
You drain its magic.
You feel invigorated.
The entropy weaver is almost dead.
You feel extremely sick. The jumping spider misses you.
You block the jumping spider's attack. The redback bites you!
You block the entropy weaver's attack.
The entropy weaver completely misses you.
The entropy weaver hits you!
* * * LOW HITPOINT WARNING * * *
The entropy weaver hits you but does no damage.
Unknown command.
You puncture the entropy weaver! You freeze the entropy weaver.
You kill the entropy weaver!
Okawaru accepts your kill.
* * * LOW HITPOINT WARNING * * *
You feel extremely sick. The jumping spider pounces on you!
* * * LOW HITPOINT WARNING * * *
The jumping spider completely misses you.
You feel your strength returning.
As you read the scroll of fear, it crumbles to dust.
You assume a fearsome visage.
The redback looks frightened!
The jumping spider looks frightened!
The culicivora looks frightened!
The demonic crawler looks frightened!
You die...

## .## ##.
###..## #...
##......
....###.ss....
#...#...@s.s..
#....####...
#####.....## .
#..###.....#
#...#......^#
#............#
#.........#..#
#.........###
#...........


You could see a demonic crawler (fleeing), a culicivora (fleeing), a jumping
spider (fleeing) and a redback (fleeing).

Vanquished Creatures
  Donald (Orc:2)
  Azrael (Orc:2)
  The ghost of Bihe the Carver, a journeyman HuBe of Trog (Lair:5)
  An entropy weaver (Spider:1)
  Snorg (Orc:1)
  The ghost of Kaemin the Bludgeoner, a journeyman MiBe of Trog (Orc:2)
  An ettin (Orc:1)
  4 boulder beetles
  8 hydras
  Erolcha (Orc:2)
  4 catoblepae (Lair:6)
  9 death yaks
  A death scarab (Spider:1)
  3 orc high priests (Orc:2)
  Urug (Lair:6)
  Nergalle (Orc:1)
  A steelbarb worm (Spider:1)
  6 orc knights
  3 wolf spiders (Spider:1)
  A cyclops (Orc:1)
  4 orc sorcerers (Orc:2)
  13 elephants
  2 manticores (Lair:6)
  8 black mambas
  2 moths of wrath
  Joseph (D:7)
  5 torpor snails
  10 cane toads
  A kobold demonologist (D:9)
  3 rime drakes
  5 komodo dragons
  A polar bear (Lair:6)
  2 trolls (Orc:1)
  A hornet (D:8)
  19 dream sheep
  11 blink frogs
  A snapping turtle (Lair:2)
  3 jumping spiders (Spider:1)
  Sigmund (D:4)
  2 shadows (D:7)
  2 culicivoras (Spider:1)
  87 yaks
  Grum (D:9)
  3 fire elementals
  3 wyverns
  5 redbacks (Spider:1)
  2 basilisks
  9 wargs (Orc:2)
  15 water moccasins
  5 hell hounds
  24 orc warriors
  4 black bears
  A sky beast (D:6)
  3 ice beasts
  2 ogres
  3 centaurs
  28 wolves
  A phantom (D:7)
  3 kobold brigands
  9 bullfrogs
  A scorpion (D:5)
  2 necrophages (D:7)
  6 killer bees (D:9)
  2 electric eels (D:8)
  A howler monkey (D:5)
  A hound (D:6)
  14 jellies
  12 orc priests
  17 orc wizards
  Natasha (thrice) (D:2)
  3 iguanas
  7 hell rats (Lair:6)
  11 gnolls
  3 adders
  A white imp (D:6)
  2 ufetubi
  3 dart slugs
  3 worms (D:3)
  54 orcs
  10 ball pythons
  10 bats
  16 endoplasms
  6 giant cockroaches
  9 goblins
  8 hobgoblins
  8 jackals
  19 kobolds
  2 quokkas
  3 frilled lizards
  5 rats
597 creatures vanquished.

Vanquished Creatures (others)
  A bush (Lair:6)
  26 fungi
  31 plants
58 creatures vanquished.

Grand Total: 655 creatures vanquished

Notes
Turn   | Place    | Note
-------+----------+-------------------------------------------
     0 | D:1      | coolguy69 the Vine Stalker Monk began the quest for the
                  | Orb.
     0 | D:1      | Reached XP level 1. HP: 11/11 MP: 2/2
   117 | D:1      | Reached XP level 2. HP: 16/16 MP: 3/3
   504 | D:1      | Reached XP level 3. HP: 19/19 MP: 4/4
   860 | D:1      | Found a faded altar of an unknown god.
  1190 | D:2      | Reached skill level 3 in Stealth
  1427 | D:2      | Noticed Natasha
  2004 | D:2      | Killed Natasha
  2005 | D:2      | Gained mutation: Your natural rate of healing is unusually
                  | fast. [Vine Stalker growth]
  2005 | D:2      | Reached XP level 4. HP: 22/24 MP: 5/5
  2017 | D:2      | Noticed Natasha
  2026 | D:2      | Killed Natasha
  2027 | D:2      | Noticed Natasha
  2035 | D:2      | Killed Natasha
  2036 | D:2      | Reached skill level 4 in Stealth
  2036 | D:2      | Reached XP level 5. HP: 16/28 MP: 6/6
  2838 | D:3      | Identified the ring "Biong" {rF+ Str+6 Int-3 Slay+2}
  3145 | D:3      | Reached XP level 6. HP: 32/32 MP: 7/7
  3184 | D:4      | Reached skill level 1 in Armour
  3194 | D:4      | Found Gitrytwo's Weapon Boutique.
  3591 | D:4      | Noticed Sigmund
  3604 | D:4      | Killed Sigmund
  3605 | D:4      | Reached skill level 5 in Stealth
  3605 | D:4      | Reached XP level 7. HP: 32/36 MP: 8/8
  3639 | D:4      | Reached skill level 5 in Short Blades
  3971 | D:5      | Entered Level 5 of the Dungeon
  4001 | D:5      | Found an opulent altar of Gozag.
  4005 | D:5      | Found Gozag's Platinum Reserve.
  4195 | D:5      | Gained mutation: You have razor-sharp teeth. [Vine Stalker
                  | growth]
  4195 | D:5      | Reached XP level 8. HP: 42/42 MP: 9/9
  4356 | D:5      | You fall into a shaft and drop 1 floor!
  4426 | D:6      | Reached skill level 6 in Stealth
  4610 | D:6      | Reached XP level 9. HP: 36/46 MP: 8/10
  4782 | D:6      | Reached skill level 5 in Fighting
  4800 | D:6      | Found a snail-covered altar of Cheibriados.
  4802 | D:6      | Found an ornate altar of the Wu Jian Council.
  4805 | D:6      | Found a white marble altar of Elyvilon.
  4806 | D:6      | Found a bloodstained altar of Trog.
  4806 | D:6      | Found an iron altar of Okawaru.
  4806 | D:6      | Found a basalt altar of Yredelemnul.
  4807 | D:6      | Found a broken altar of Ashenzari.
  4811 | D:6      | Found a shimmering altar of Xom.
  4816 | D:6      | Became a worshipper of Warmaster Okawaru
  4816 | D:6      | Reached * piety under Okawaru
  4816 | D:6      | Reached ** piety under Okawaru
  5394 | D:7      | Found a staircase to the Ecumenical Temple.
  5490 | D:7      | Noticed Joseph
  5507 | D:7      | Killed Joseph
  5507 | D:7      | Reached *** piety under Okawaru
  5508 | D:7      | Reached skill level 5 in Dodging
  5595 | D:7      | Reached skill level 7 in Stealth
  6038 | D:7      | Reached **** piety under Okawaru
  6039 | D:7      | Reached XP level 10. HP: 36/53 MP: 11/11
  6097 | D:7      | Reached skill level 8 in Stealth
  6097 | D:7      | Reached skill level 1 in Invocations
  6132 | D:7      | Found the +5 robe of Night {Dark Will+ SInv}
  6267 | D:8      | Found a hazy altar of Hepliaklqana.
  6318 | D:8      | Reached ***** piety under Okawaru
  6512 | D:8      | Found a sparkling altar of Nemelex Xobeh.
  6598 | D:8      | Identified the +1 ring mail of Immauloh {Rampage rN+ Regen+
                  | Dex-2} (Okawaru gifted it to you on level 8 of the Dungeon)
  6598 | D:8      | Received a gift from Okawaru
  6799 | D:9      | Reached skill level 9 in Stealth
  6858 | D:9      | Found a staircase to the Orcish Mines.
  6863 | D:9      | Noticed a kobold demonologist
  6877 | D:9      | Killed a kobold demonologist
  6901 | D:9      | Noticed Grum
  6911 | D:9      | Killed Grum
  7011 | D:9      | Reached XP level 11. HP: 58/58 MP: 14/14
  7076 | D:9      | Reached skill level 10 in Stealth
  7236 | D:9      | Found a staircase to the Lair.
  7670 | Lair:1   | Entered Level 1 of the Lair of Beasts
  7712 | Lair:1   | Found a transporter.
  7715 | Lair:1   | Noticed a moth of wrath
  7721 | Lair:1   | Found a transporter.
  7725 | Lair:1   | Noticed a spriggan rider
  7795 | Lair:1   | Found a transporter.
  7933 | Lair:1   | Found a transporter.
  7934 | Lair:1   | Noticed a boulder beetle
  7934 | Lair:1   | Noticed a boulder beetle
  8473 | Lair:1   | Noticed Nipigouma's ghost (journeyman DjBe)
  8618 | Lair:2   | Identified the +1 pair of boots "Liamooh" {rElec rF- Str+2}
                  | (Okawaru gifted it to you on level 2 of the Lair of Beasts)
  8618 | Lair:2   | Received a gift from Okawaru
  8646 | Lair:2   | Reached skill level 11 in Stealth
  8681 | Lair:2   | Found a hole to the Spider Nest.
  8767 | Lair:2   | Reached skill level 5 in Invocations
  8964 | Lair:2   | Found a staircase to the Shoals.
  9387 | Lair:3   | Noticed a death yak
  9387 | Lair:3   | Noticed a death yak
  9388 | Lair:3   | Noticed a death yak
  9398 | Lair:3   | Noticed a death yak
  9405 | Lair:3   | Killed a death yak
  9406 | Lair:3   | Reached skill level 12 in Stealth
  9406 | Lair:3   | Reached XP level 12. HP: 22/63 MP: 9/17
  9542 | Lair:3   | Killed a death yak
  9550 | Lair:3   | Killed a death yak
  9550 | Lair:3   | Identified the +0 quick blade of Nanusioc {vorpal, rF- rC++
                  | Str+2 Dex+2} (Okawaru gifted it to you on level 3 of the
                  | Lair of Beasts)
  9550 | Lair:3   | Received a gift from Okawaru
  9566 | Lair:3   | Killed a death yak
  9937 | Lair:3   | Reached ****** piety under Okawaru
  9937 | Lair:3   | Identified the +10 dagger "Qide" {freeze, rN+ SInv}
                  | (Okawaru gifted it to you on level 3 of the Lair of Beasts)
  9937 | Lair:3   | Received a gift from Okawaru
 10640 | Lair:4   | Noticed a five-headed hydra
 10645 | Lair:4   | Killed a five-headed hydra
 10646 | Lair:4   | Reached skill level 10 in Dodging
 10864 | Lair:4   | Identified the +3 buckler of Death Resistance {Harm +Inv
                  | rC+} (Okawaru gifted it to you on level 4 of the Lair of
                  | Beasts)
 10864 | Lair:4   | Received a gift from Okawaru
 10865 | Lair:4   | Reached XP level 13. HP: 67/69 MP: 19/19
 11329 | Lair:4   | Found a dark tunnel.
 11698 | Lair:5   | Reached skill level 13 in Stealth
 11770 | Lair:5   | Found a runed translucent door.
 12271 | Lair:5   | Noticed Bihe's ghost (journeyman HuBe)
 12350 | Lair:5   | Killed Bihe's ghost
 12426 | Lair:6   | Entered Level 6 of the Lair of Beasts
 12455 | Lair:6   | Identified the +7 ring mail "Zubituz" {rElec Str+4 Dex+3}
                  | (Okawaru gifted it to you on level 6 of the Lair of Beasts)
 12455 | Lair:6   | Received a gift from Okawaru
 12609 | Lair:6   | Noticed Urug
 12621 | Lair:6   | Found a staircase to the Slime Pits.
 12628 | Lair:6   | Reached XP level 14. HP: 59/75 MP: 19/21
 12681 | Lair:6   | Reached skill level 14 in Stealth
 13054 | Lair:6   | Reached skill level 10 in Short Blades
 13097 | Lair:6   | Received a gift from Okawaru
 13319 | Lair:6   | Received a gift from Okawaru
 13470 | Lair:6   | Reached skill level 10 in Fighting
 13483 | Lair:6   | Identified the +7 short sword of Equivalence {elec, Dex+4}
 13566 | Lair:6   | Identified the ring "Kucoel" {Ice Dex+3}
 13588 | Lair:6   | Reached skill level 15 in Stealth
 13588 | Lair:6   | Reached skill level 10 in Invocations
 13859 | Lair:6   | Killed Urug
 14024 | Orc:1    | Entered Level 1 of the Orcish Mines
 14454 | Orc:1    | Found Yhoiriul's Book Shoppe.
 14499 | Orc:1    | Identified the +0 kite shield "Soutot" {Fly rN+ Str+2}
                  | (Okawaru gifted it to you on level 1 of the Orcish Mines)
 14499 | Orc:1    | Received a gift from Okawaru
 14642 | Orc:1    | Found a transporter.
 14642 | Orc:1    | Found a transporter.
 14644 | Orc:1    | Noticed Xudibb's ghost (journeyman DgFi)
 14649 | Orc:1    | Noticed Nergalle
 14654 | Orc:1    | Killed Nergalle
 14661 | Orc:1    | Noticed Snorg
 14671 | Orc:1    | Killed Snorg
 14856 | Orc:2    | Entered Level 2 of the Orcish Mines
 14858 | Orc:2    | Noticed Azrael
 14863 | Orc:2    | Reached XP level 15. HP: 74/81 MP: 20/23
 14876 | Orc:2    | Noticed Erolcha
 14972 | Orc:2    | Killed Azrael
 14978 | Orc:2    | Killed Erolcha
 15062 | Orc:2    | Found a radiant altar of Vehumet.
 15145 | Orc:2    | Found a staircase to the Elven Halls.
 15196 | Orc:2    | Reached skill level 16 in Stealth
 15437 | Orc:2    | Found Ikoczept's Assorted Antiques.
 15458 | Orc:2    | Found Teneoneq's Magic Scroll Shop.
 15465 | Orc:2    | Bought a scroll of acquirement for 676 gold pieces
 15465 | Orc:2    | Bought a scroll of fear for 45 gold pieces
 15465 | Orc:2    | Bought a scroll of identify for 26 gold pieces
 15465 | Orc:2    | Bought a scroll of teleportation for 39 gold pieces
 15465 | Orc:2    | Bought a scroll of teleportation for 39 gold pieces
 15465 | Orc:2    | Bought a scroll of identify for 26 gold pieces
 15467 | Orc:2    | Found Tiulonez's Jewellery Shop.
 15469 | Orc:2    | Found Baino's Weapon Shoppe.
 15473 | Orc:2    | Bought the amulet of the Salamander {rC- Regen+ Int+4
                  | Slay+4 SInv} for 712 gold pieces
 15593 | Orc:2    | Found a transporter.
 15606 | Orc:2    | Found a transporter.
 15642 | Orc:2    | Noticed Kaemin's ghost (journeyman MiBe)
 15658 | Orc:2    | Noticed Donald
 15677 | Orc:2    | Killed Donald
 16061 | Orc:2    | Gained mutation: You have hidden genetic defects. [potion
                  | of mutation]
 16083 | Orc:2    | Killed Kaemin's ghost
 16100 | Orc:2    | Identified the +0 glaive "Zeugeic" {vorpal, Str+4}
 16179 | Orc:2    | Bought an ancient wooden ring for 170 gold pieces
 16179 | Orc:2    | Identified the ring of Duserphorgh {Str+3 SInv} (You bought
                  | it in a shop on level 2 of the Orcish Mines)
 16358 | Spider:1 | Entered Level 1 of the Spider Nest
 16548 | Spider:1 | Identified the +0 pair of boots "Feodedak" {-Tele Harm
                  | Int+3 Dex+4} (Okawaru gifted it to you on level 1 of the
                  | Spider Nest)
 16548 | Spider:1 | Received a gift from Okawaru
 16732 | Spider:1 | HP: 2/82 [jumping spider (5)]
 16733 | Spider:1 | Succumbed to a redback's poison

Illustrated notes

Levels and vault maps discovered:
D:1:      grunt_arrival_lava_bath, layout_basic,
          shapermc_ecumenical_altar_petra, minmay_misc_feat_roman
D:2:      layout_basic, uniq_natasha
D:3:      layout_loops_ring, serial_glass, glass_columns_b, glass_columns_b,
          feat_on_display, due_unseen_surprise, minmay_misc_feat_alley,
          minmay_checkerbox
D:4:      layout_loops_cross, serial_shops, nicolae_shop_bloodbath_and_beyond,
          uniq_sigmund
D:5:      layout_basic, nicolae_gozag_zags_fifth_avenue, hangedman_decor_lopped,
          minmay_misc_feat_tiny
D:6:      layout_basic, minitemple
D:7:      layout_basic, minmay_temple_entry_drinking_statues,
          minmay_misc_feat_cross, hellmonk_guarded_unrand_night, uniq_joseph
D:8:      layout_rooms, fungi_pond_lemuel, solitary_fountain,
          hangedman_feature_mirror
D:9:      layout_basic, david_lair_shrubbed, orc_david_3, uniq_grum
Lair:1:   gammafunk_boulding_lane, layout_gridlike,
          gammafunk_ghost_wrathful_warriors, infiniplex_staircase_pool_2
Lair:2:   layout_hall_layers, minmay_shoals_entry_hut,
          spider_nest_entry_web_field, beast_lair_carwin_4
Lair:3:   layout_cave_pods
Lair:4:   layout_small_grid, nicolae_volcano_entry_two_sided
Lair:5:   beast_lair_carwin_large_1, layout_misc_corridors,
          ebering_ghost_inner_flame
Lair:6:   evilmike_catoblepas_cave, layout_misc_corridors,
          minmay_slime_entry_jelly_boxes, uniq_urug
Spider:1: layout_spider_delve
Orc:1:    layout_caves, gammafunk_ghost_smash, serial_shops,
          nicolae_shop_hallway_plus, basic_altar, nicolae_orc_sculptors_studio,
          nicolae_orc_damp_corner, uniq_nergalle, uniq_snorg
Orc:2:    st_orc_elflike, layout_caves, gammafunk_ghost_berserking_beasts,
          basic_altar, uniq_donald, uniq_azrael, uniq_erolcha

Skill      XL: |  1  2  3  4  5  6  7  8  9 10 11 12 13 14 15 |
---------------+----------------------------------------------+-----
Short Blades   | 3 4 5 6 7 8 9 10 | 10.0
Fighting       | 3 4 5 6 7 8 9 10 11 | 11.1
Stealth        | 3 4 5 6 7 9 12 13 15 16 | 16.8
Dodging        | 3 4 6 7 8 10 11 12 13 | 13.3
Armour         | 1 2 3 4 |  4.0
Invocations    | 3 6 7 9 10 | 10.0

Action                   |  1- 3 |  4- 6 |  7- 9 | 10-12 | 13-15 || total
-------------------------+-------+-------+-------+-------+-------++-------
Melee: Short sword       |    36 |       |       |       |       ||    36
       Bite              |    23 |    60 |    93 |   300 |   425 ||   901
       Dagger            |    61 |   166 |   260 |   667 |   929 ||  2083
       Punch             |       |     2 |     2 |    14 |       ||    18
Invok: Heroism           |       |       |       |     3 |     6 ||     9
       Finesse           |       |       |       |     2 |     4 ||     6
  Use: Scroll            |     5 |     5 |     3 |     7 |     9 ||    29
       Potion            |       |       |       |       |     4 ||     4
 Stab: Sleeping          |    11 |     4 |    10 |    14 |    33 ||    72
       Distracted        |       |       |       |     1 |     5 ||     6
Armor: Robe              |    15 |       |       |   118 |   135 ||   268
       Leather armour    |       |    31 |   121 |    35 |       ||   187
Dodge: Dodged            |    45 |    71 |   176 |   539 |   552 ||  1383
Block: Buckler           |       |       |       |       |   262 ||   262

Table legend: (Time is in decaauts)
 A = Elapsed time spent in this place.
 B = Non-inter-level travel time spent in this place.
 C = Inter-level travel time spent in this place.
 D = Time resting spent in this place.
 E = Time spent auto-exploring this place.
 F = Levels seen in this place.
 G = Mean time per level.
                   A        B        C        D        E       F      G
               +--------+--------+--------+--------+--------+-----+--------+
         Total |  15928 |  14580 |   1348 |    868 |  10326 |  18 |  884.9 |
       Dungeon |   7705 |   6945 |    760 |    467 |   4896 |   9 |  856.1 |
          Lair |   6083 |   5649 |    434 |    215 |   4185 |   6 | 1013.8 |
   Spider Nest |    351 |    351 |      0 |      0 |    243 |   1 |  351.0 |
  Orcish Mines |   1787 |   1635 |    152 |    186 |   1002 |   2 |  893.5 |
               +--------+--------+--------+--------+--------+-----+--------+

Top non-repeatable levels by time:
  Lair:6: 1303 daAuts
     D:2: 1221 daAuts
   Orc:2: 1180 daAuts
  Lair:3: 1177 daAuts
     D:1: 1174 daAuts
  Lair:1: 1072 daAuts
     D:7: 1061 daAuts
     D:9: 931 daAuts
  Lair:4: 892 daAuts
     D:6: 859 daAuts
  Lair:2: 824 daAuts
  Lair:5: 813 daAuts
     D:4: 775 daAuts
     D:3: 753 daAuts
   Orc:1: 606 daAuts
